 Dungeon Crawl Stone Soup version 0.30-a0-556-g0a0f5a245f (webtiles) character file.

Game seed: 5667555482444065959

52 Bnni the Vexing (level 4, 0/33 HPs)
             Began as a Formicid Hexslinger on Dec 27, 2022.
             Frozen to death by an endoplasm (2 damage)
             ... on level 2 of the Dungeon.
             The game lasted 00:01:53 (998 turns).

Bnni the Vexing (Formicid Hexslinger)                Turns: 998, Time: 00:01:54

Health: 0/33       AC:  2    Str: 14    XL:     4   Next: 8%
Magic:  3/6        EV: 12    Int: 15    God:
Gold:   93         SH:  0    Dex: 14    Spells: 2/6 levels left

rFire   . . .      SeeInvis +    a - +1 sling
rCold   . . .      Faith    .    (no shield)
rNeg    . . .      Spirit   .    c - +0 robe
rPois   .          Reflect  .    (helmet unavailable)
rElec   .          Harm     .    (no cloak)
rCorr   .          Rampage  .    (no gloves)
Will    .....                    (no boots)
Stlth   +                        (no amulet)
HPRegen 0.25/turn                (no ring)
MPRegen 0.10/turn                (no ring)

@: very slightly contaminated
A: permanent stasis, dig shafts and tunnels, antennae 3, four strong arms
a: Dig, Shaft Self


You were on level 2 of the Dungeon.
You visited 1 branch of the dungeon, and saw 2 of its levels.

You collected 93 gold pieces.

Inventory:

Hand Weapons
 a - a +1 sling (weapon)
Armour
 c - a +0 robe (worn)
Jewellery
 d - a ring of protection from fire
Scrolls
 b - a scroll of poison
 j - a scroll of silence {unknown}
 k - a scroll of identify {unknown}
 m - a scroll of teleportation {unknown}
Potions
 e - 2 potions of might {unknown}
 f - a potion of lignification {unknown}
 g - a potion of degeneration {unknown}
 h - a potion of attraction {unknown}
 i - a potion of haste {unknown}
 l - a potion of mutation {unknown}
 n - a potion of heal wounds {unknown}


   Skills:
 + Level 1.7 Fighting
 * Level 2.7 Ranged Weapons
 - Level 1.7 Dodging
 + Level 1.5 Spellcasting
 * Level 4.2 Hexes
 + Level 0.9 Fire Magic


You had 2 spell levels left.
You knew the following spells:

 Your Spells              Type           Power      Damage    Failure   Level
a - Slow                  Hex            56%        N/A       4%          1
b - Inner Flame           Hex/Fire       9%         N/A       24%         3

Your spell library contained the following spells:

 Spells                   Type           Power      Damage    Failure   Level
 Portal Projectile        Hex/Tloc       14%        N/A       28%         3
 Cause Fear               Hex            7%         N/A       36%         4


Dungeon Overview and Level Annotations

Branches:
Dungeon (2/15)

Altars:

Annotations:
D:2 Natasha


Innate Abilities, Weirdness & Mutations

You cannot be hasted, slowed, berserked, paralysed or teleported.
You can dig through walls and to a lower floor.
You have a pair of large antennae on your head. (SInv)
Your four strong arms can wield two-handed weapons with a shield.


Message History

An endoplasm comes into view.
You shoot a sling bullet.
The sling bullet closely misses Natasha.
Natasha completely misses you. Natasha casts a spell at you.
Your stasis prevents you from being slowed.
You shoot a sling bullet. The sling bullet barely misses Natasha.
Natasha completely misses you.
The endoplasm hits you but does no damage.
You shoot a sling bullet.
The sling bullet completely misses Natasha.
Natasha howls an incantation.
Natasha glows brightly for a moment.
Natasha claws you! The endoplasm barely misses you.
Okay, then.
Casting: Slow (safe; 4% risk of failure)
Confirm with . or Enter, or press ? or * to list all spells.
Aiming: Slow (safe; 4% risk of failure)
Press: ? - help, Shift-Dir - straight line, f/p - Natasha
Aim: Natasha (chance to affect: 48%)
You miscast Slow.
You are very lightly contaminated with residual magic.
Nothing appears to happen.
Natasha casts a spell at you. The magic dart hits you!
* * * LOW HITPOINT WARNING * * *
The endoplasm hits you.
* * * LOW HITPOINT WARNING * * *
You shoot a sling bullet. The sling bullet hits Natasha!
Natasha is heavily wounded.
Natasha claws you.
* * * LOW HITPOINT WARNING * * *
The endoplasm closely misses you.
Unknown command.
You shoot a sling bullet. The sling bullet barely misses Natasha.
Natasha closely misses you. The endoplasm misses you.
Natasha barely misses you. The endoplasm freezes you.
You are frozen.
You die...

.############
..(.........#
....†...###.##
........###..########.
.........###.#.##(....
.......#...........#
######h@.......##.##
.?.....J..........#
######....#...###.##
.....#........#
##.......###...#####
#.......# ###.....#
#.......## #.###..
#........# #.#
#......#.## #.#


You could see Natasha and an endoplasm.

Vanquished Creatures
  2 adders (D:2)
  4 ball pythons
  3 endoplasms (D:2)
  2 goblins
  2 hobgoblins (D:1)
  4 jackals (D:1)
  2 quokkas (D:2)
  5 bats (D:1)
  A kobold (D:1)
  8 rats
33 creatures vanquished.

Notes
Turn   | Place    | Note
-------+----------+-------------------------------------------
     0 | D:1      | Bnni the Formicid Hexslinger began the quest for the Orb.
     0 | D:1      | Reached XP level 1. HP: 15/15 MP: 2/2
   200 | D:1      | Reached XP level 2. HP: 21/21 MP: 3/3
   473 | D:1      | Reached skill level 4 in Hexes
   483 | D:1      | Reached XP level 3. HP: 13/26 MP: 5/5
   492 | D:1      | Learned a level 3 spell: Inner Flame
   979 | D:2      | Reached XP level 4. HP: 33/33 MP: 6/6
   984 | D:2      | Noticed Natasha
   998 | D:2      | Frozen to death by an endoplasm

Illustrated notes

Levels and vault maps discovered:
D:1:      evilmike_arrival_fibonacci_small, layout_loops_ring,
          minmay_rat_gold_closets
D:2:      layout_rooms, uniq_crazy_yiuf_cottage, uniq_natasha

Skill      XL: |  1  2 |
---------------+-------+-----
Hexes          | 4 |  4.2
Fighting       | |  1.7
Ranged Weapons | |  2.7
Dodging        | |  1.7
Spellcasting   | |  1.5
Fire Magic     | |  0.9

Action                   |  1- 3 |  4- 6 || total
-------------------------+-------+-------++-------
 Fire: Sling             |   106 |    10 ||   116
 Cast: Slow              |     2 |     2 ||     4
Armor: Robe              |    15 |     1 ||    16
Dodge: Dodged            |    60 |    10 ||    70

Table legend: (Time is in decaauts)
 A = Elapsed time spent in this place.
 B = Non-inter-level travel time spent in this place.
 C = Inter-level travel time spent in this place.
 D = Time resting spent in this place.
 E = Time spent auto-exploring this place.
 F = Levels seen in this place.
 G = Mean time per level.
                   A        B        C        D        E       F      G
               +--------+--------+--------+--------+--------+-----+--------+
         Total |   1030 |   1017 |     13 |     91 |    704 |   2 |  515.0 |
       Dungeon |   1030 |   1017 |     13 |     91 |    704 |   2 |  515.0 |
               +--------+--------+--------+--------+--------+-----+--------+

Top non-repeatable levels by time:
     D:1: 852 daAuts
     D:2: 177 daAuts
